 Dungeon Crawl Stone Soup version 0.22-a0-322-g60b3cfd (webtiles) character file.

192448 xccam the Nimble (level 18, -2/143 HPs)
             Began as a Gnoll Wanderer on Apr 3, 2018.
             Was the Champion of Cheibriados.
             Slain by an Ice Fiend (15 damage)
             ... in an ice cave.
             The game lasted 01:17:19 (31159 turns).

xccam the Nimble (Gnoll Wanderer)                  Turns: 31159, Time: 01:17:20

Health: -2/143     AC: 36    Str: 37    XL:     18   Next: 23%
Magic:  28/43      EV: 20    Int: 34    God:    Cheibriados [******]
Gold:   1782       SH: 28    Dex: 34    Spells: 31/40 levels left

rFire    x . .     SeeInvis .   X - +7 long sword of Tenacity {slice, rC+}
rCold    + + .     Gourm    .   D - +0 large shield
rNeg     . . .     Faith    .   P - +10 plate armour {ponderous}
rPois    +         Spirit   .   k - +3 hat of Pondering {ponderous, MR+ MP+10 Int+5}
rElec    .         Reflect  +   E - +0 cloak
rCorr    .         Harm     .   o - +2 pair of gloves {Dex+3}
MR       ++...                  Y - +2 pair of boots of the Assassin {Detection Stab+ Stlth++}
Stlth    ++++......             O - +5 amulet of reflection
HPRegen  0.33/turn              G - ring of poison resistance
MPRegen  0.28/turn              I - ring of ice

@: very slow
A: distributed training, fangs 1, strong nose
}: 1/15 runes: gossamer
a: Bend Time, Temporal Distortion, Slouch, Step From Time, Renounce Religion


You were in an ice cave.
You worshipped Cheibriados.
Cheibriados was exalted by your worship.
You were not hungry.

You visited 6 branches of the dungeon, and saw 31 of its levels.
You also visited: Sewer, Bailey and Ice Cave.

You collected 3079 gold pieces.
You spent 1297 gold pieces at shops.

Inventory:

Hand Weapons
 c - a +0 demon whip of flaming
 y - a +1 scimitar of flaming
 X - the +7 long sword of Tenacity (weapon) {slice, rC+}
   (You found it on level 1 of the Lair of Beasts)

   It inflicts extra damage upon your enemies.
   It protects you from cold.
Missiles
 m - 22 javelins (quivered)
 Q - 12 javelins of penetration
 R - 11 tomahawks
Armour
 k - the +3 hat of Pondering (worn) {ponderous, MR+ MP+10 Int+5}
   (You took it off Gastronok on level 3 of the Lair of Beasts)

   It affects your intelligence (+5).
   It affects your resistance to hostile enchantments.
   It affects your magic capacity (+10).
 o - a +2 pair of gloves of dexterity (worn)
 D - a +0 large shield (worn)
 E - a +0 cloak (worn)
 P - a +10 plate armour of ponderousness (worn)
 W - a +0 plate armour of fire resistance
 Y - the +2 pair of boots of the Assassin (worn) {Detection Stab+ Stlth++}
   (You acquired it on level 1 of the Lair of Beasts)

   It makes you much more stealthy.
Jewellery
 G - a ring of poison resistance (left hand)
 I - a ring of ice (right hand)
 J - an uncursed ring of wizardry
 L - a +4 ring of strength
 N - an uncursed ring of see invisible
 O - a +5 amulet of reflection (around neck)
 S - the amulet of Xom's Reproof {Harm *Drain rElec rC+ Slay+3}
   (You found it in a bailey)

   [amulet of harm]

   It increases damage dealt and taken.
   It affects your accuracy and damage with ranged weapons and melee attacks
   (+3).
   It protects you from cold.
   It insulates you from electricity.
   It causes draining when unequipped.
 T - an uncursed ring of resist corrosion
 V - a +4 ring of protection
Wands
 u - a wand of scattershot (1)
 v - a wand of enslavement (14)
 z - a wand of acid (15)
 H - a wand of iceblast (10)
 K - a wand of disintegration (11)
 Z - a wand of clouds (4)
Scrolls
 a - 3 scrolls of summoning
 e - a scroll of silence
 h - 2 scrolls of enchant weapon
 i - 2 scrolls of magic mapping
 l - 3 scrolls of fear
 n - 3 scrolls of blinking
 p - 9 scrolls of identify
 r - 15 scrolls of teleportation
 s - 3 scrolls of amnesia
 t - 11 scrolls of remove curse
 B - 2 scrolls of fog
 C - 3 scrolls of immolation
 U - 2 scrolls of brand weapon
Potions
 b - 5 potions of lignification
 g - 13 potions of curing
 j - 9 potions of might
 q - 6 potions of flight
 x - 3 potions of cancellation
 A - 6 potions of mutation
 F - 2 potions of resistance
 M - 4 potions of ambrosia
Miscellaneous
 w - a phantom mirror
Comestibles
 f - 39 rations


   Skills:
 + Level 13.2 Fighting
 + Level 11.8 Short Blades
 + Level 11.8 Long Blades
 + Level 11.8 Axes
 + Level 11.8 Maces & Flails
 + Level 11.8 Polearms
 + Level 11.8 Staves
 + Level 11.8 Slings
 + Level 11.8 Bows
 + Level 11.8 Crossbows
 + Level 11.8 Throwing
 + Level 11.8 Armour
 + Level 13.2 Dodging
 + Level 11.8 Stealth
 + Level 11.8 Shields
 + Level 12.6 Unarmed Combat
 + Level 11.8 Spellcasting
 + Level 10.1 Conjurations
 + Level 10.1 Hexes
 + Level 10.1 Charms
 + Level 10.1 Summonings
 + Level 10.1 Necromancy
 + Level 10.1 Translocations
 + Level 10.1 Transmutations
 + Level 10.1 Fire Magic
 + Level 10.1 Ice Magic
 + Level 10.1 Air Magic
 + Level 10.1 Earth Magic
 + Level 10.1 Poison Magic
 + Level 12.8 Invocations
 + Level 12.6 Evocations


You had 31 spell levels left.
You knew the following spells:

 Your Spells              Type           Power        Failure   Level  Hunger
a - Apportation           Tloc           ######       1%          1    None
b - Lee's Rapid Deconstr  Erth           ######....   24%         5    None
c - Stone Arrow           Conj/Erth      ######       2%          3    None


Dungeon Overview and Level Annotations

Branches:
Dungeon (15/15)            Temple (1/1) D:4            Lair (6/6) D:10
 Shoals (3/4) Lair:2       Spider (4/4) Lair:2        Slime (0/5) Lair:5
    Orc (2/2) D:9             Elf (0/3) Orc:2        Vaults (0/5) D:13
 Depths (0/5) D:15

Altars:
Ashenzari
Cheibriados
Dithmenos
Elyvilon
Gozag
Hepliaklqana
Kikubaaqudgha
Makhleb
Okawaru
Qazlal
Ru
Trog
Uskayaw
Vehumet
Xom
Zin
The Shining One

Shops:
D:5 *   D:13 !   D:14 :[%   D:15 *[(:   Orc:1 [   Orc:2 (=::}

Portals:
Trove: D:15 (give horn of Geryon)


Innate Abilities, Weirdness & Mutations

Your experience applies equally to all skills.
You have very sharp teeth.
Your uncanny sense of smell can sniff out nearby items.


Message History

The Ice Fiend is severely wounded.
You are engulfed in freezing vapours.
You resist.
The Ice Fiend calls on the powers of darkness!
Your body is wracked with pain!
* * * LOW HITPOINT WARNING * * *
Unknown command.
You feel much better.
You are engulfed in freezing vapours.
You resist.
You block the dire elephant simulacrum's attack. x2
You block the Ice Fiend's attack. The Ice Fiend claws you!
* * * LOW HITPOINT WARNING * * *
The Ice Fiend freezes you. You resist.
* * * LOW HITPOINT WARNING * * *
You feel much better. The Ice Fiend claws you!
* * * LOW HITPOINT WARNING * * *
The Ice Fiend freezes you! You resist.
* * * LOW HITPOINT WARNING * * *
The Ice Fiend claws you!
* * * LOW HITPOINT WARNING * * *
The Ice Fiend freezes you! You resist.
You die...

##.##..##
##.##.## #.≈..
#.##..# #....#
##.##.## #...Z.
#.###.≈## .W.1.#
##..###..## ....
#.##).#...#
#§.###.#.#[#...#
∆
#§§#@..≈.###..#
∆∆∆ #Z1Z##≈##
#..# ∆∆∆
##§##≈≈#≈ ##.#
∆∆ ###≈≈≈≈≈ ##.#
#≈≈≈≈≈##.## ∆
≈≈≈≈≈≈≈#.#
≈≈≈≈≈≈≈≈≈##
≈≈≈≈≈≈≈≈##
#≈≈≈≈≈#≈≈#


You could see an Ice Fiend, a death yak simulacrum and a dire elephant
simulacrum.

Vanquished Creatures
  Gastronok (Lair:3)
  2 ghost moths (Spider:4)
  7 emperor scorpions
  2 entropy weavers
  A slime creature (D:14)
  Nessos (D:13)
  5 dire elephants (Lair:6)
  A minotaur (Shoals:2)
  A merfolk javelineer (Shoals:2)
  A merfolk impaler (Shoals:1)
  Erolcha (Orc:2)
  8 vault guards (D:13)
  A merfolk avatar (Shoals:1)
  An anaconda (Lair:6)
  A catoblepas (Lair:5)
  3 centaur warriors
  An alligator snapping turtle (Shoals:2)
  A death knight (D:11)
  7 dancing weapons (Spider:1)
  5 death yaks (Lair:6)
  4 ogre magi
  16 two-headed ogres
  2 satyrs (Shoals:2)
  6 sea snakes
  10 skeletal warriors
  An unseen horror (D:7)
  A wizard (D:15)
  2 deep trolls (Orc:2)
  12 harpies
  17 orb spiders
  2 deep elf magi
  24 wolf spiders
  An orc sorcerer (Orc:2)
  3 oklob plants (Lair:2)
  14 ugly things
  2 manticores
  8 cyclopes
  4 moths of wrath
  4 black mambas
  6 fauns
  A water nymph (Shoals:2)
  An ice statue (IceCv)
  A merfolk siren (Shoals:1)
  10 elephants (Lair:6)
  Joseph (D:8)
  2 naga magi (D:15)
  A rime drake (Lair:5)
  2 torpor snails (Spider:2)
  14 spiny frogs
  A gargoyle (D:13)
  9 komodo dragons
  2 freezing wraiths
  5 anaconda simulacra (IceCv)
  9 demonic crawlers
  An efreet (D:15)
  4 ice devils (IceCv)
  37 jumping spiders
  5 merfolk
  4 meliai (Shoals:2)
  A wolf spider simulacrum (IceCv)
  16 trolls
  4 polar bears
  A wind drake (Shoals:2)
  2 hornets (Spider:1)
  5 blink frogs (Lair:4)
  3 dream sheep (Shoals:2)
  7 hippogriffs
  6 snapping turtles
  6 water elementals
  A shadow (D:15)
  A wyvern (D:8)
  A wraith (D:11)
  A spriggan (D:8)
  74 redbacks
  30 tarantellas
  16 yaks
  4 basilisks
  A vampire (D:12)
  2 fire elementals (Lair:6)
  5 hungry ghosts
  A death yak simulacrum (IceCv)
  2 steam dragons
  Menkaure (D:4)
  3 wargs
  11 vampire mosquitoes
  A harpy simulacrum (IceCv)
  2 iron troll simulacra (IceCv)
  10 water moccasins
  Duvessa (D:6)
  4 hydra simulacra (IceCv)
  A hornet zombie (D:8)
  11 porcupines
  A meliai simulacrum (D:13)
  An alligator simulacrum (IceCv)
  5 ice beasts
  17 orc warriors
  2 sky beasts (D:10)
  An eye of draining (D:12)
  A necrophage (D:13)
  4 phantoms
  2 black bears (D:10)
  32 ogres
  An ettin simulacrum (IceCv)
  12 wolves
  9 crocodiles
  10 centaurs
  A big kobold (D:14)
  Blork the orc (D:6)
  8 gnoll sergeants (Bailey)
  16 bullfrogs
  A wyvern zombie (D:10)
  A wyvern skeleton (D:15)
  6 scorpions
  Dowan (D:6)
  15 killer bees
  9 electric eels
  2 troll zombies (D:9)
  2 howler monkeys
  5 crimson imps
  A draconian simulacrum (IceCv)
  2 quasits (D:12)
  4 centaur zombies
  6 hounds
  8 orc priests
  16 orc wizards
  8 jellies
  5 centaur skeletons
  6 gnoll shamans (Bailey)
  4 iguanas
  12 worker ants
  7 troll simulacra (IceCv)
  A spriggan simulacrum (IceCv)
  A polar bear simulacrum (IceCv)
  6 ogre zombies (D:9)
  A hound zombie (D:10)
  22 gnolls
  A howler monkey skeleton (D:10)
  15 adders
  3 naga simulacra (IceCv)
  2 ogre simulacra (IceCv)
  4 river rats
  2 shadow imps
  6 white imps (IceCv)
  3 ufetubi (IceCv)
  3 oozes (Lair:5)
  An adder skeleton (D:8)
  8 worms
  5 dart slugs
  2 leopard geckos
  70 orcs
  A ball python (Sewer)
  5 giant cockroaches
  7 goblins
  8 hobgoblins
  8 jackals
  5 quokkas
  12 bats
  11 frilled lizards
  3 goblin skeletons (D:9)
  A goblin zombie (D:9)
  4 hobgoblin skeletons (D:9)
  2 hobgoblin zombies
  14 kobolds
  An orc skeleton (D:9)
  14 orc zombies (D:9)
  A quokka skeleton (D:8)
  A quokka zombie (D:8)
  14 rats
  A bush (Shoals:2)
  3 plants
1052 creatures vanquished.

Vanquished Creatures (others)
  2 fauns (Shoals:2)
  A jumping spider (Spider:1)
  A dream sheep (Shoals:2)
  2 yaks (Lair:5)
  A tarantella (Spider:4)
  6 centaurs
  2 howler monkeys (D:13)
  4 white imps (IceCv)
  3 ufetubi (IceCv)
  2 bushes (D:10)
  4 fungi
  9 plants
37 creatures vanquished.

Grand Total: 1089 creatures vanquished

Notes
Turn   | Place    | Note
-------+----------+-------------------------------------------
     0 | D:1      | xccam the Gnoll Wanderer began the quest for the Orb.
     0 | D:1      | xccam set off with: a wand of enslavement (15), a potion of lignification, a potion of curing, a +0 robe, a +0 club, a ration
     0 | D:1      | Reached XP level 1. HP: 23/23 MP: 3/3
   166 | D:1      | Reached XP level 2. HP: 29/29 MP: 5/5
   664 | D:2      | Reached XP level 3. HP: 26/35 MP: 6/6
   857 | D:2      | Reached skill level 1 in Invocations
   865 | D:2      | Reached skill level 1 in Short Blades
   865 | D:2      | Reached skill level 1 in Long Blades
   865 | D:2      | Reached skill level 1 in Axes
   865 | D:2      | Reached skill level 1 in Maces & Flails
   865 | D:2      | Reached skill level 1 in Polearms
   865 | D:2      | Reached skill level 1 in Staves
   865 | D:2      | Reached skill level 1 in Slings
   865 | D:2      | Reached skill level 1 in Bows
   865 | D:2      | Reached skill level 1 in Crossbows
   865 | D:2      | Reached skill level 1 in Throwing
   865 | D:2      | Reached skill level 1 in Armour
   865 | D:2      | Reached skill level 1 in Stealth
   865 | D:2      | Reached skill level 1 in Shields
   865 | D:2      | Reached skill level 1 in Spellcasting
   869 | D:2      | Reached XP level 4. HP: 14/41 MP: 7/7
   869 | D:2      | HP: 1/41 [gnoll/flail (13)]
  1095 | D:2      | Reached skill level 1 in Conjurations
  1095 | D:2      | Reached skill level 1 in Hexes
  1095 | D:2      | Reached skill level 1 in Charms
  1095 | D:2      | Reached skill level 1 in Summonings
  1095 | D:2      | Reached skill level 1 in Necromancy
  1095 | D:2      | Reached skill level 1 in Translocations
  1095 | D:2      | Reached skill level 1 in Transmutations
  1095 | D:2      | Reached skill level 1 in Fire Magic
  1095 | D:2      | Reached skill level 1 in Ice Magic
  1095 | D:2      | Reached skill level 1 in Air Magic
  1095 | D:2      | Reached skill level 1 in Earth Magic
  1095 | D:2      | Reached skill level 1 in Poison Magic
  1475 | D:2      | Reached XP level 5. HP: 18/47 MP: 8/8
  2098 | D:3      | Found a stormy altar of Qazlal.
  2122 | D:3      | Reached XP level 6. HP: 43/53 MP: 9/9
  2405 | D:3      | Found a hide-covered altar of Uskayaw.
  2918 | D:4      | Noticed Menkaure
  2929 | D:4      | Killed Menkaure
  2929 | D:4      | Reached skill level 5 in Unarmed Combat
  2929 | D:4      | Reached skill level 5 in Evocations
  3102 | D:4      | Reached XP level 7. HP: 26/59 MP: 10/10
  3280 | D:4      | Got a faintly glowing spear
  3281 | D:4      | Identified the +10 spear of Greed {freeze, MP+9} (You found it on level 4 of the Dungeon)
  3722 | D:4      | Found a staircase to the Ecumenical Temple.
  3872 | Temple   | Entered the Ecumenical Temple
  3893 | Temple   | Became a worshipper of Cheibriados the Contemplative
  3986 | D:5      | Entered Level 5 of the Dungeon
  4377 | D:5      | Found Ujererr's General Store.
  4380 | D:5      | Bought a potion of curing for 36 gold pieces
  4380 | D:5      | Bought a potion of heal wounds for 60 gold pieces
  4380 | D:5      | Bought a potion of mutation for 96 gold pieces
  4796 | D:6      | Found an iron altar of Okawaru.
  5093 | D:6      | Reached XP level 8. HP: 63/67 MP: 12/12
  5157 | D:6      | Found a glowing drain.
  5164 | Sewer    | Entered a sewer
  5198 | Sewer    | Reached * piety under Cheibriados
  5563 | D:6      | Found a sacrificial altar of Ru.
  5846 | D:6      | Noticed Blork the orc
  5849 | D:6      | Killed Blork the orc
  5857 | D:6      | Found a shimmering altar of Xom.
  5858 | D:6      | Found a hazy altar of Hepliaklqana.
  5859 | D:6      | Noticed a spectral ugly thing
  5875 | D:6      | Noticed Duvessa
  5876 | D:6      | Noticed Dowan
  5879 | D:6      | Killed Dowan
  5890 | D:6      | Killed Duvessa
  6168 | D:7      | HP: 3/67 [something (1)]
  6173 | D:7      | HP: 1/67 [something (1)]
  6184 | D:7      | HP: 3/67 [something (1)]
  6186 | D:7      | Killed an unseen horror
  6186 | D:7      | Reached XP level 9. HP: 28/73 MP: 14/14
  6456 | D:7      | Found an ancient bone altar of Kikubaaqudgha.
  6518 | D:7      | Reached ** piety under Cheibriados
  7468 | D:8      | Noticed Joseph
  7493 | D:8      | Killed Joseph
  7493 | D:8      | Reached skill level 5 in Invocations
  7745 | D:8      | Found a hide-covered altar of Uskayaw.
  7789 | D:8      | Found a shadowy altar of Dithmenos.
  8001 | D:8      | Reached XP level 10. HP: 80/80 MP: 17/17
  8351 | D:9      | Reached *** piety under Cheibriados
  8352 | D:9      | Found a staircase to the Orcish Mines.
  8379 | D:9      | Reached skill level 5 in Short Blades
  8379 | D:9      | Reached skill level 5 in Long Blades
  8379 | D:9      | Reached skill level 5 in Axes
  8379 | D:9      | Reached skill level 5 in Maces & Flails
  8379 | D:9      | Reached skill level 5 in Polearms
  8379 | D:9      | Reached skill level 5 in Staves
  8379 | D:9      | Reached skill level 5 in Slings
  8379 | D:9      | Reached skill level 5 in Bows
  8379 | D:9      | Reached skill level 5 in Crossbows
  8379 | D:9      | Reached skill level 5 in Throwing
  8379 | D:9      | Reached skill level 5 in Armour
  8379 | D:9      | Reached skill level 5 in Stealth
  8379 | D:9      | Reached skill level 5 in Shields
  8379 | D:9      | Reached skill level 5 in Spellcasting
  8464 | D:9      | Reached **** piety under Cheibriados
  8772 | D:9      | Found a bloodstained altar of Trog.
  8949 | D:9      | Found a glowing silver altar of Zin.
  9080 | D:10     | Entered Level 10 of the Dungeon
  9233 | D:10     | Reached ***** piety under Cheibriados
  9537 | D:10     | Found a staircase to the Lair.
  9605 | D:10     | Reached XP level 11. HP: 59/87 MP: 19/19
  9995 | D:10     | Noticed an ogre mage
 10005 | D:10     | Killed an ogre mage
 10005 | D:10     | Reached skill level 5 in Conjurations
 10005 | D:10     | Reached skill level 5 in Hexes
 10005 | D:10     | Reached skill level 5 in Charms
 10005 | D:10     | Reached skill level 5 in Summonings
 10005 | D:10     | Reached skill level 5 in Necromancy
 10005 | D:10     | Reached skill level 5 in Translocations
 10005 | D:10     | Reached skill level 5 in Transmutations
 10005 | D:10     | Reached skill level 5 in Fire Magic
 10005 | D:10     | Reached skill level 5 in Ice Magic
 10005 | D:10     | Reached skill level 5 in Air Magic
 10005 | D:10     | Reached skill level 5 in Earth Magic
 10005 | D:10     | Reached skill level 5 in Poison Magic
 10284 | D:11     | Noticed a cyclops
 10295 | D:11     | Killed a cyclops
 10507 | D:11     | Found a flagged portal.
 10540 | Bailey   | Entered a bailey
 10749 | Bailey   | Reached ****** piety under Cheibriados
 11090 | Bailey   | Got a twitching lead amulet
 11091 | Bailey   | Identified the amulet of Xom's Reproof {Harm *Drain rElec rC+ Slay+3} (You found it in a bailey)
 11175 | D:11     | Noticed a skeletal warrior
 11195 | D:11     | Killed a skeletal warrior
 11444 | D:11     | Noticed a death knight
 11463 | D:11     | Killed a death knight
 11824 | D:11     | Got a bloodstained scythe
 11826 | D:11     | Identified the cursed +1 scythe of Culuanim {slice, MR+ Stlth+} (You found it on level 11 of the Dungeon)
 11864 | D:11     | Noticed a skeletal warrior
 11868 | D:11     | Killed a skeletal warrior
 12034 | D:12     | Noticed a green ugly thing
 12037 | D:12     | Killed a green ugly thing
 12037 | D:12     | Reached XP level 12. HP: 95/96 MP: 20/22
 12135 | D:12     | Got a steaming short sword
 12136 | D:12     | Identified the +11 short sword "Hemuiq" {venom, Int+5} (You found it on level 12 of the Dungeon)
 12457 | D:12     | Noticed a two-headed ogre
 12459 | D:12     | Killed a two-headed ogre
 13317 | Lair:1   | Entered Level 1 of the Lair of Beasts
 13378 | Lair:1   | Got a fine long sword
 13379 | Lair:1   | Identified the +7 long sword of Tenacity {slice, rC+} (You found it on level 1 of the Lair of Beasts)
 13384 | Lair:1   | Identified 2 scrolls of acquirement
 13385 | Lair:1   | Found the +2 pair of boots of the Assassin {Detection Stab+ Stlth++}
 14416 | Lair:2   | Found a hole to the Spider Nest.
 14420 | Lair:2   | Reached skill level 10 in Fighting
 14420 | Lair:2   | Reached skill level 10 in Dodging
 14621 | Lair:2   | Found a staircase to the Shoals.
 14669 | Lair:2   | Learned a level 1 spell: Apportation
 14965 | Lair:2   | Reached XP level 13. HP: 103/103 MP: 24/24
 15362 | Spider:1 | Entered Level 1 of the Spider Nest
 15996 | Lair:3   | Noticed Gastronok
 16006 | Lair:3   | Killed Gastronok
 17523 | Lair:5   | Found a staircase to the Slime Pits.
 17957 | Lair:6   | Entered Level 6 of the Lair of Beasts
 18210 | Lair:6   | Reached XP level 14. HP: 80/111 MP: 26/26
 18852 | Lair:6   | Reached skill level 10 in Unarmed Combat
 18852 | Lair:6   | Reached skill level 10 in Evocations
 18970 | Lair:6   | Noticed a dire elephant
 18970 | Lair:6   | Noticed a dire elephant
 18990 | Lair:6   | Noticed a dire elephant
 18991 | Lair:6   | Killed a dire elephant
 18994 | Lair:6   | Killed a dire elephant
 18996 | Lair:6   | Killed a dire elephant
 19243 | Lair:6   | Noticed a dire elephant
 19244 | Lair:6   | Noticed a dire elephant
 19255 | Lair:6   | Noticed a dire elephant
 19267 | Lair:6   | Killed a dire elephant
 19417 | Lair:6   | Killed a dire elephant
 19796 | Orc:1    | Entered Level 1 of the Orcish Mines
 19848 | Orc:1    | Found Pukhleece's Antique Armour Shop.
 20196 | Orc:2    | Entered Level 2 of the Orcish Mines
 20196 | Orc:2    | Noticed Erolcha
 20203 | Orc:2    | Killed Erolcha
 20203 | Orc:2    | Reached skill level 10 in Invocations
 20308 | Orc:2    | Found a staircase to the Elven Halls.
 20602 | Orc:2    | Reached XP level 15. HP: 119/119 MP: 28/28
 20631 | Orc:2    | Found Jonap's Jewellery Emporium.
 20632 | Orc:2    | Found Ilih's Book Boutique.
 20635 | Orc:2    | Found Hamyvyzo's Antique Weapon Shoppe.
 20636 | Orc:2    | Found Lavumu's Book Emporium.
 20706 | Orc:2    | Found Sumabol's Gadget Emporium.
 20714 | Orc:2    | Bought a phantom mirror for 390 gold pieces
 21619 | D:13     | Found a gate to the Vaults.
 21718 | D:13     | Found Kixidduu's Distillery.
 21753 | D:13     | Found a burning altar of Makhleb.
 21843 | D:13     | Noticed Nessos
 21847 | D:13     | Killed Nessos
 21847 | D:13     | Reached skill level 10 in Short Blades
 21847 | D:13     | Reached skill level 10 in Long Blades
 21847 | D:13     | Reached skill level 10 in Axes
 21847 | D:13     | Reached skill level 10 in Maces & Flails
 21847 | D:13     | Reached skill level 10 in Polearms
 21847 | D:13     | Reached skill level 10 in Staves
 21847 | D:13     | Reached skill level 10 in Slings
 21847 | D:13     | Reached skill level 10 in Bows
 21847 | D:13     | Reached skill level 10 in Crossbows
 21847 | D:13     | Reached skill level 10 in Throwing
 21847 | D:13     | Reached skill level 10 in Armour
 21847 | D:13     | Reached skill level 10 in Stealth
 21847 | D:13     | Reached skill level 10 in Shields
 21847 | D:13     | Reached skill level 10 in Spellcasting
 22342 | D:14     | Found Kiyruew's Book Shoppe.
 22502 | D:14     | Found Pemuegh's Armour Boutique.
 22796 | D:14     | Bought a +9 plate armour of ponderousness for 540 gold pieces
 22811 | D:14     | Found Nawup's Food Boutique.
 23245 | D:15     | Entered Level 15 of the Dungeon
 23256 | D:15     | Found Kazomuas's Antique Armour Shop.
 23261 | D:15     | Found Deagoryur's Antique Weapon Emporium.
 23317 | D:15     | Found Vuovim's Book Shoppe.
 23479 | D:15     | Reached XP level 16. HP: 69/127 MP: 30/30
 23685 | D:15     | Found a staircase to the Depths.
 23785 | D:15     | Found Ykacsa Yxa's Assorted Antiques.
 23802 | D:15     | Bought a potion of heal wounds for 175 gold pieces
 24024 | D:15     | Found a portal to a secret trove of treasure.
 25413 | Spider:1 | Found a runed door.
 25998 | Spider:2 | Reached XP level 17. HP: 122/135 MP: 32/32
 26754 | Spider:4 | Entered Level 4 of the Spider Nest
 28113 | Spider:4 | Got a gossamer rune of Zot
 28350 | Shoals:1 | Entered Level 1 of the Shoals
 28920 | Shoals:1 | Learned a level 5 spell: Lee's Rapid Deconstruction
 28924 | Shoals:1 | Learned a level 3 spell: Stone Arrow
 28965 | Shoals:1 | Found an ancient bone altar of Kikubaaqudgha.
 29453 | Shoals:2 | Reached skill level 10 in Conjurations
 29453 | Shoals:2 | Reached skill level 10 in Hexes
 29453 | Shoals:2 | Reached skill level 10 in Charms
 29453 | Shoals:2 | Reached skill level 10 in Summonings
 29453 | Shoals:2 | Reached skill level 10 in Necromancy
 29453 | Shoals:2 | Reached skill level 10 in Translocations
 29453 | Shoals:2 | Reached skill level 10 in Transmutations
 29453 | Shoals:2 | Reached skill level 10 in Fire Magic
 29453 | Shoals:2 | Reached skill level 10 in Ice Magic
 29453 | Shoals:2 | Reached skill level 10 in Air Magic
 29453 | Shoals:2 | Reached skill level 10 in Earth Magic
 29453 | Shoals:2 | Reached skill level 10 in Poison Magic
 29586 | Shoals:2 | Found the +10 Black Knight's horse barding {ponderous, rPois rN+}
 29693 | Shoals:2 | Found a hide-covered altar of Uskayaw.
 29699 | Shoals:2 | Reached XP level 18. HP: 101/143 MP: 33/33
 30450 | Shoals:3 | Found a frozen archway.
 30462 | IceCv    | Entered an ice cave
 31143 | IceCv    | Noticed an Ice Fiend
 31159 | IceCv    | Slain by an Ice Fiend

Vault maps used:
D:1:      dpeg_arrival_ternary, minmay_misc_feat_cross
D:2:      first_ration, corexii_item_surrounded_by_moat
D:3:      grunt_qazlal_clouds, marbit_many_paths
D:4:      minmay_temple_entry_statues_pillars, uniq_menkaure
D:5:      serial_shops, shop_statue, nicolae_shop_behind_doors,
          hangedman_decor_slide_cut
D:6:      regret_index_temple_of_mockery, nicolae_overflow_crystal_walls,
          hangedman_ru_absence, lightli_sewer_entry_pipes, uniq_duvessa,
          uniq_blork_the_orc
D:7:      kiku_gazebo_pond_becter
D:8:      grunt_dithmenos_smoke_and_mirrors, basic_altar, the_bakery,
          uniq_joseph
D:9:      zin_treasury, zombieorc2_lemuel, trog_butcher_becter
D:10:     minmay_lair_entry_grove, minmay_pinched_square
D:11:     enter_bailey_2, eino_small_chamber_without_monster
D:12:     hangedman_abyss_or_decor_stabs, minmay_misc_feat_square
D:13:     erik_vaults_2, serial_shops, nicolae_shop_stone, lemuel_tele_altar,
          uniq_nessos
D:14:     kennysheep_boxes, serial_shops, nicolae_shop_behind_doors, shop, shop,
          minmay_misc_feat_encased
D:15:     grunt_enter_depths_magical_seal, enter_trove_6, serial_shops,
          nicolae_shop_overgrown_old_shop, shop, nicolae_shop_trees, shop,
          minivault_24, hangedman_decor_lopped
Temple:   nicolae_temple_god_jail
Lair:1:   serial_bayou_pond_e, st_stairs_6, lemuel_fruit_tree
Lair:2:   shoals_dummy_entry, nicolae_spider_entry_non_spiders,
          nicolae_quartered_pool_medium, nicolae_lair_grove_arrangements,
          beast_lair_carwin_11, serial_bayou_shore_b, grunt_megastairs_5,
          minmay_lair_oklob_chamber
Lair:3:   serial_bayou_shore_b, grunt_megastairs_2, infiniplex_staircase_pool_2,
          uniq_gastronok
Lair:4:   hangedman_lair_unloving_vines
Lair:5:   nicolae_slime_entry_slimehenge, grunt_megastairs_1
Lair:6:   due_jungle_book
Shoals:1: lemuel_centaur_altar
Shoals:2: regret_index_shoals_crete
Shoals:3: portal_ice_cave_entry_pillars_1
Spider:1: cheibrodos_spider_deadly_dance
Spider:4: grunt_spider_rune_circles
Orc:1:    serial_shops, nicolae_shop_waterfront
Orc:2:    st_orc_open, serial_shops, nicolae_shop_competitors_out_of_business,
          nicolae_orc_rockfall, uniq_erolcha
Sewer:    sewer_co_cracked_pipes
Bailey:   bailey_polearm_gnolls_kennysheep, bailey
IceCv:    ice_cave_caverns_02

Skill      XL: |  1  2  3  4  5  6  7  8  9 10 11 12 13 14 15 16 17 |
---------------+----------------------------------------------------+-----
Invocations    | 1 2 3 4 5 6 7 8 9 10 11 12 | 12.8
Short Blades   | 1 2 3 4 5 6 7 8 9 10 11 | 11.8
Long Blades    | 1 2 3 4 5 6 7 8 9 10 11 | 11.8
Axes           | 1 2 3 4 5 6 7 8 9 10 11 | 11.8
Maces & Flails | 1 2 3 4 5 6 7 8 9 10 11 | 11.8
Polearms       | 1 2 3 4 5 6 7 8 9 10 11 | 11.8
Staves         | 1 2 3 4 5 6 7 8 9 10 11 | 11.8
Slings         | 1 2 3 4 5 6 7 8 9 10 11 | 11.8
Bows           | 1 2 3 4 5 6 7 8 9 10 11 | 11.8
Crossbows      | 1 2 3 4 5 6 7 8 9 10 11 | 11.8
Throwing       | 1 2 3 4 5 6 7 8 9 10 11 | 11.8
Armour         | 1 2 3 4 5 6 7 8 9 10 11 | 11.8
Stealth        | 1 2 3 4 5 6 7 8 9 10 11 | 11.8
Shields        | 1 2 3 4 5 6 7 8 9 10 11 | 11.8
Spellcasting   | 1 2 3 4 5 6 7 8 9 10 11 | 11.8
Conjurations   | 1 2 3 4 5 6 7 8 9 10 | 10.1
Hexes          | 1 2 3 4 5 6 7 8 9 10 | 10.1
Charms         | 1 2 3 4 5 6 7 8 9 10 | 10.1
Summonings     | 1 2 3 4 5 6 7 8 9 10 | 10.1
Necromancy     | 1 2 3 4 5 6 7 8 9 10 | 10.1
Translocations | 1 2 3 4 5 6 7 8 9 10 | 10.1
Transmutations | 1 2 3 4 5 6 7 8 9 10 | 10.1
Fire Magic     | 1 2 3 4 5 6 7 8 9 10 | 10.1
Ice Magic      | 1 2 3 4 5 6 7 8 9 10 | 10.1
Air Magic      | 1 2 3 4 5 6 7 8 9 10 | 10.1
Earth Magic    | 1 2 3 4 5 6 7 8 9 10 | 10.1
Poison Magic   | 1 2 3 4 5 6 7 8 9 10 | 10.1
Unarmed Combat | 5 6 7 8 9 10 11 12 | 12.6
Evocations     | 5 6 7 8 9 10 11 12 | 12.6
Fighting       | 7 8 9 10 11 12 13 | 13.2
Dodging        | 7 8 9 10 11 12 13 | 13.2

Action                   |  1- 3 |  4- 6 |  7- 9 | 10-12 | 13-15 | 16-18 || total
-------------------------+-------+-------+-------+-------+-------+-------++-------
Melee: Unarmed           |    63 |    88 |       |       |       |       ||   151
       Bite              |    12 |    12 |    35 |   101 |   226 |   310 ||   696
       Punch             |       |     4 |    10 |    27 |     2 |       ||    43
       Short sword       |       |   100 |    13 |       |       |       ||   113
       Spear             |       |       |   289 |   501 |       |       ||   790
       Scythe            |       |       |       |   111 |       |       ||   111
       Long sword        |       |       |       |    50 |   839 |  1137 ||  2026
       Demon whip        |       |       |       |       |    26 |       ||    26
Throw: Javelin           |       |       |       |     7 |     6 |       ||    13
       Tomahawk          |       |       |       |     3 |    10 |    18 ||    31
 Cast: Apportation       |       |       |       |       |       |     1 ||     1
       Stone Arrow       |       |       |       |       |       |     1 ||     1
       Lee's Rapid Decon |       |       |       |       |       |     1 ||     1
Invok: Slouch            |       |       |       |       |     8 |    15 ||    23
Evoke: Wand              |       |       |     1 |    16 |       |     6 ||    23
  Use: Potion            |       |     2 |     1 |     3 |     3 |     7 ||    16
       Scroll            |       |       |    11 |    18 |    11 |     6 ||    46
 Stab: Sleeping          |       |     9 |     1 |       |    19 |    17 ||    46
       Distracted        |       |       |       |     2 |     5 |       ||     7
  Eat: Chunk             |       |     2 |    14 |     9 |    10 |     5 ||    40
       Ration            |       |     1 |       |     2 |     3 |     4 ||    10
Armor: Robe              |     9 |    22 |       |       |       |       ||    31
       Skin              |       |     1 |       |     5 |     4 |    13 ||    23
       Ring mail         |       |     4 |     5 |       |       |       ||     9
       Plate armour      |       |       |   133 |   227 |   199 |   523 ||  1082
Dodge: Dodged            |    43 |   158 |   124 |   459 |   325 |   798 ||  1907
Block: Large shield      |       |       |       |       |   873 |  2092 ||  2965
       Reflection        |       |       |       |       |    11 |    39 ||    50
       Rpst.: Long sword |       |       |       |    17 |    79 |   141 ||   237

Table legend:
 A = Spawn XP
 B = Non-spawn XP
 C = Spawn XP percentage of total XP
 D = Spawn monster count
 E = Non-spawn monster count
 F = Spawn count percentage of total count
 G = Total turns spent on level
                    A         B        C        D         E        F      G
               +---------+---------+-------+---------+---------+-------+---------
         Total |       0 |  261121 |   0.0 |       0 |    1059 |   0.0 | 31159
               +---------+---------+-------+---------+---------+-------+---------
           D:1 |       0 |      26 |   0.0 |       0 |      13 |   0.0 |   657
           D:2 |       0 |     144 |   0.0 |       0 |      31 |   0.0 |  1275
           D:3 |       0 |     204 |   0.0 |       0 |      28 |   0.0 |   762
           D:4 |       0 |     432 |   0.0 |       0 |      16 |   0.0 |  1253
           D:5 |       0 |     210 |   0.0 |       0 |       7 |   0.0 |   832
           D:6 |       0 |     736 |   0.0 |       0 |      21 |   0.0 |  1050
           D:7 |       0 |    1491 |   0.0 |       0 |      19 |   0.0 |  1366
           D:8 |       0 |    1582 |   0.0 |       0 |      17 |   0.0 |   888
           D:9 |       0 |    2669 |   0.0 |       0 |      57 |   0.0 |   896
          D:10 |       0 |    4398 |   0.0 |       0 |      40 |   0.0 |  1027
          D:11 |       0 |    4651 |   0.0 |       0 |      26 |   0.0 |  1225
          D:12 |       0 |    7148 |   0.0 |       0 |      40 |   0.0 |  1306
          D:13 |       0 |   19959 |   0.0 |       0 |      52 |   0.0 |   838
          D:14 |       0 |   13480 |   0.0 |       0 |      44 |   0.0 |  1241
          D:15 |       0 |   13429 |   0.0 |       0 |      31 |   0.0 |   999
        Lair:1 |       0 |    3700 |   0.0 |       0 |      18 |   0.0 |  1070
        Lair:2 |       0 |    6152 |   0.0 |       0 |      29 |   0.0 |  1481
        Lair:3 |       0 |    5285 |   0.0 |       0 |      15 |   0.0 |  1031
        Lair:4 |       0 |    4264 |   0.0 |       0 |      20 |   0.0 |   914
        Lair:5 |       0 |    4341 |   0.0 |       0 |      21 |   0.0 |   683
        Lair:6 |       0 |   22148 |   0.0 |       0 |      40 |   0.0 |  1693
      Shoals:1 |       0 |    8956 |   0.0 |       0 |      20 |   0.0 |   985
      Shoals:2 |       0 |   22425 |   0.0 |       0 |      44 |   0.0 |  1105
      Spider:1 |       0 |   31998 |   0.0 |       0 |      92 |   0.0 |  1071
      Spider:2 |       0 |   12203 |   0.0 |       0 |      35 |   0.0 |   421
      Spider:3 |       0 |    9605 |   0.0 |       0 |      28 |   0.0 |   600
      Spider:4 |       0 |   30909 |   0.0 |       0 |      60 |   0.0 |  1510
         Orc:1 |       0 |    1538 |   0.0 |       0 |      25 |   0.0 |   412
         Orc:2 |       0 |   19978 |   0.0 |       0 |      80 |   0.0 |   909
         Sewer |       0 |      64 |   0.0 |       0 |      15 |   0.0 |   306
        Bailey |       0 |    1222 |   0.0 |       0 |      30 |   0.0 |   595
         IceCv |       0 |    5774 |   0.0 |       0 |      45 |   0.0 |   697
               +---------+---------+-------+---------+---------+-------+---------
